 Dungeon Crawl Stone Soup version bcrawl-1.19.1 (webtiles) character file.

Game seed: 4176250364253471770

498 Freyura the Cudgeler (level 6, -3/48 HPs)
             Began as a Demonspawn Gladiator on Nov 23, 2019.
             Slain by a gnoll (7 damage)
             ... on level 4 of the Dungeon.
             The game lasted 00:08:40 (3768 turns).

Freyura the Cudgeler (Demonspawn Gladiator)         Turns: 3768, Time: 00:08:41

Health: -3/48      AC:  6    Str: 20    XL:     6   Next: 94%
Magic:  6/6        EV: 12    Int:  9    God:
Gold:   175        SH:  0    Dex: 18    Spells: 5/5 levels left

rFire    . . .     SeeInvis +   a - +0 flail
rCold    . . .     Gourm    .   (no shield)
rNeg     . . .     Faith    .   h - +0 scale mail
rPois    .         Spirit   .   (helmet restricted)
rElec    .         Reflect  .   (no cloak)
rCorr    .         Harm     .   (no gloves)
MR       .....                  (no boots)
Stlth    ..........             (no amulet)
HPRegen  0.16/turn              n - ring of flight
MPRegen  0.10/turn              (no ring)

@: mighty
A: antennae 1, claws 1, hooves 2, see invisible, agile 1
a: Evoke Flight


You were on level 4 of the Dungeon.
You were not hungry.

You visited 1 branch of the dungeon, and saw 4 of its levels.

You collected 175 gold pieces.

Inventory:

Hand Weapons
 a - a +0 flail (weapon)
Missiles
 d - 3 throwing nets (quivered) {!f}
Armour
 h - a +0 scale mail (worn)
Jewellery
 n - a ring of flight (left claw)
Scrolls
 c - 3 scrolls of teleportation
 i - 3 scrolls of remove curse
 k - a scroll of identify
Potions
 b - 4 potions of heal wounds
 e - 3 potions of curing {unknown}
 g - a potion of magic {unknown}
 j - a potion of flight {unknown}
 l - a potion of mutation
 m - a potion of might
Comestibles
 f - 7 rations {!d}


   Skills:
 + Level 3.7 Fighting
 * Level 5.0 Maces & Flails
 - Level 1.7 Throwing
 + Level 2.7 Armour
 + Level 4.0 Dodging


You had 5 spell levels left.
You didn't know any spells.
Your spell library contained the following spells:

 Spells                   Type           Power        Failure   Level  Hunger
 Magic Dart               Conj           #...         75%         1    ##.....
 Blink                    Tloc           N/A          86%         2    ###....
 Call Imp                 Summ           #.....       86%         2    ###....
 Conjure Flame            Conj/Fire      #.......     98%         3    ####...
 Mephitic Cloud           Conj/Pois/Air  #.......     98%         3    ####...
 Spider Form              Tmut/Pois      #..          98%         3    ####...


Dungeon Overview and Level Annotations

Branches:
Dungeon (4/12)
 Temple: D:4-7

Altars:
Okawaru


Innate Abilities, Weirdness & Mutations

You have a pair of small antennae on your head.
You have sharp fingernails.
You have hoof-like feet.
You have supernaturally acute eyesight. (SInv)
You are agile. (Dex +2)


Message History

You kill the jackal!
The jackal misses you. The jackal closely misses you.
The jackal barely misses you.
The jackal bites you but does no damage.
The gnoll hits you from afar with a +0 halberd!
The jackal bites you but does no damage.
You barely miss the jackal. You kick the jackal.
The jackal is moderately wounded.
The jackal barely misses you.
The jackal bites you but does no damage.
The gnoll barely misses you. The jackal closely misses you.
You thump the jackal!
You kill the jackal!
The jackal bites you. The gnoll misses you.
You barely miss the gnoll. Your kick misses the gnoll.
The jackal bites you but does no damage.
The gnoll hits you from afar with a +0 halberd!
* * * LOW HITPOINT WARNING * * *
The gnoll hits you!
You die...

.###...........#.#........... ##
#....#.##.....#....#...... #
###..####........#####...#. .#
###....#####...รท...#####...# .
).#......###..^...##......## .##
.........##..........(....## >...
...###........#.##)).###...##...#
...##.........#####..#...........
...##...........@gg........).....
....#..#.##.#..#h#g..............
......##..#...####...##..........
#######...#..#####...###.........
#..##.....#..### ###.......
#.............# #.......
#............## #.......
#.........#..## ##......
#>[......###..#####.##.....


You could see 3 gnolls and a jackal.

Vanquished Creatures
  A necrophage (D:3)
  An ogre (D:4)
  An orc priest (D:4)
  A centaur skeleton (D:4)
  An orc wizard (D:4)
  2 worker ants
  Robin (D:2)
  2 adders
  A gnoll (D:4)
  A howler monkey skeleton (D:4)
  2 oozes
  4 worms
  5 dart slugs
  4 leopard geckos
  10 orcs
  3 giant cockroaches
  16 goblins
  12 hobgoblins
  10 jackals
  5 kobolds
  2 quokkas
  A ball python (D:2)
  9 bats
  2 frilled lizards
  3 rats
100 creatures vanquished.

Notes
Turn   | Place    | Note
-------+----------+-------------------------------------------
     0 | D:1      | Freyura the Demonspawn Gladiator began the quest for the
                  | Orb.
     0 | D:1      | Reached XP level 1. HP: 16/16 MP: 1/1
   612 | D:1      | Gained mutation: You have large cloven feet. [demonic
                  | ancestry]
   612 | D:1      | Reached XP level 2. HP: 22/22 MP: 2/2
   620 | D:1      | Reached skill level 3 in Maces & Flails
   847 | D:1      | Gained mutation: You have a pair of small antennae on your
                  | head. [demonic ancestry]
   847 | D:1      | Reached XP level 3. HP: 28/28 MP: 3/3
  1056 | D:2      | Reached skill level 1 in Armour
  1219 | D:2      | Gained mutation: You have sharp fingernails. [demonic
                  | ancestry]
  1219 | D:2      | Reached XP level 4. HP: 28/34 MP: 4/4
  1530 | D:2      | Noticed Robin
  1538 | D:2      | Killed Robin
  2058 | D:3      | Noticed a necrophage
  2336 | D:3      | Gained mutation: You have hoof-like feet. [demonic
                  | ancestry]
  2336 | D:3      | Reached XP level 5. HP: 23/40 MP: 5/5
  2537 | D:3      | Killed a necrophage
  2537 | D:3      | Reached skill level 4 in Maces & Flails
  2637 | D:3      | Found an iron altar of Okawaru.
  3058 | D:3      | Gained mutation: You are agile. (Dex +2) [potion of
                  | mutation]
  3058 | D:3      | Gained mutation: You have supernaturally acute eyesight.
                  | (SInv) [potion of mutation]
  3083 | D:4      | Noticed an ogre
  3093 | D:4      | Killed an ogre
  3093 | D:4      | Reached XP level 6. HP: 12/47 MP: 6/6
  3749 | D:4      | Reached skill level 5 in Maces & Flails
  3768 | D:4      | Slain by a gnoll

Skill      XL: |  1  2  3  4  5  6 |
---------------+-------------------+-----
Maces & Flails | 3 4 5 |  5.0
Dodging        | 3 4 |  4.0
Armour         | 1 2 |  2.7
Fighting       | 3 |  3.7
Throwing       | |  1.7

Action                   |  1- 3 |  4- 6 || total
-------------------------+-------+-------++-------
Melee: Flail             |    85 |   170 ||   255
       Kick              |    10 |    45 ||    55
  Use: Scroll            |       |     6 ||     6
       Potion            |       |     2 ||     2
  Eat: Chunk             |     1 |     8 ||     9
Armor: Leather armour    |     9 |       ||     9
       Scale mail        |    31 |    61 ||    92
Dodge: Dodged            |    88 |    95 ||   183
